 Dungeon Crawl Stone Soup version 0.27.1-2-g3b301248ec (webtiles) character file.

Game seed: 17619202342972412867

164 pkoi the Slasher (level 5, -4/45 HPs)
             Began as a Minotaur Gladiator on Sept 28, 2021.
             Shot with an arrow by a centaur (8 damage)
             ... on level 5 of the Dungeon.
             The game lasted 00:05:07 (3732 turns).

pkoi the Slasher (Minotaur Gladiator)               Turns: 3732, Time: 00:05:07

Health: -4/45      AC:  8    Str: 20    XL:     5   Next: 21%
Magic:  4/4        EV: 12    Int:  5    God:
Gold:   42         SH:  0    Dex: 11    Spells: 4/4 levels left

rFire    . . .     SeeInvis .   a - +0 long sword
rCold    . . .     Faith    .   (no shield)
rNeg     . . .     Spirit   .   b - +0 leather armour
rPois    .         Reflect  .   c - +1 hat
rElec    .         Harm     .   (no cloak)
rCorr    .         Rampage  .   (no gloves)
Will     .....                  (no boots)
Stlth    +.........             (no amulet)
HPRegen  0.15/turn              j - +4 ring of protection
MPRegen  0.09/turn              (no ring)

@: no status effects
A: horns 2, retaliatory headbutt
a: no special abilities


You were on level 5 of the Dungeon.
You visited 1 branch of the dungeon, and saw 5 of its levels.

You collected 112 gold pieces.
You spent 70 gold pieces at shops.

Inventory:

Hand Weapons
 a - a +0 long sword (weapon)
Missiles
 d - 4 throwing nets (quivered)
 e - 5 javelins
 k - 14 poisoned darts
Armour
 b - a +0 leather armour (worn)
 c - a +1 hat (worn)
Jewellery
 j - a +4 ring of protection (left hand)
Wands
 g - a wand of polymorph (17)
 l - a wand of paralysis (10)
Scrolls
 i - a scroll of identify
 n - a scroll of fear
Potions
 f - a potion of berserk rage
 h - 2 potions of flight
 m - a potion of mutation
 o - a potion of heal wounds
 p - a potion of brilliance {unknown}


   Skills:
 + Level 3.3 Fighting
 * Level 6.5 Long Blades
 - Level 2.0 Throwing
 - Level 0.9 Armour
 - Level 3.4 Dodging


You had 4 spell levels left.
You didn't know any spells.
Your spell library contained the following spells:

 Spells                   Type           Power      Damage    Failure   Level
 Conjure Ball Lightning   Conj/Air       0%         3x3d6     100%        6
 Discord                  Hex            0%         N/A       100%        8
 Disjunction              Tloc           0%         N/A       100%        8


Dungeon Overview and Level Annotations

Branches:
Dungeon (5/15)
 Temple: D:4-7

Altars:
Cheibriados
Sif Muna

Shops:
D:4 !=   D:5 (


Innate Abilities, Weirdness & Mutations

You have a pair of horns on your head.
You reflexively headbutt those who attack you in melee.


Message History

You are too injured to fight recklessly!
You are too injured to fight recklessly!
You are too injured to fight recklessly!
You hit the phantom.
The phantom is lightly damaged.
The phantom barely misses you.
You hit the phantom.
The phantom is lightly damaged.
The phantom hits you but does no damage.
The phantom barely misses you. You furiously retaliate!
You headbutt the phantom! You closely miss the phantom.
Your headbutt misses the phantom.
The phantom is moderately damaged.
The phantom hits you!
You slash the phantom! Your headbutt misses the phantom.
The phantom is severely damaged.
The phantom misses you.
You riposte.
You closely miss the phantom. Your headbutt misses the phantom.
The phantom is severely damaged.
You barely miss the phantom. Your headbutt misses the phantom.
The phantom is severely damaged.
The phantom hits you.
* * * LOW HITPOINT WARNING * * *
The phantom blinks!
You blink.
The phantom barely misses you.
You hit the phantom. Your headbutt misses the phantom.
The phantom is almost destroyed.
The centaur shoots an arrow.
The arrow closely misses you. The phantom hits you.
* * * LOW HITPOINT WARNING * * *
You barely miss the phantom. Your headbutt misses the phantom.
The phantom is almost destroyed.
The centaur shoots an arrow.
The arrow hits you!
* * * LOW HITPOINT WARNING * * *
The centaur shoots an arrow.
The arrow hits you!
* * * LOW HITPOINT WARNING * * *
The phantom hits you but does no damage.
The centaur shoots an arrow.
The arrow hits you but does no damage.
The centaur shoots an arrow.
The arrow hits you!
You die...

.## #.# ..# #.#
#.# #.# #.# #.#
#.# ####.###.##
#.....##..##
#..........#
#.W.@<.∩.>.#
#...†......#
##.c#####.##
#..o§c...####
#.....#####o.o.#
........ ####.#
......... #.##
...).....# #W.#
....... ##c#


You could see a phantom and a centaur.

Vanquished Creatures
  A bullfrog skeleton (D:4)
  Jessica (D:2)
  Robin (D:2)
  2 adders
  2 worms
  A dart slug (D:5)
  An orc (D:3)
  7 ball pythons
  2 bats (D:3)
  3 endoplasms
  10 goblins
  10 hobgoblins
  10 kobolds
  5 quokkas
  5 frilled lizards
  4 rats
65 creatures vanquished.

Notes
Turn   | Place    | Note
-------+----------+-------------------------------------------
     0 | D:1      | pkoi the Minotaur Gladiator began the quest for the Orb.
     0 | D:1      | Reached XP level 1. HP: 18/18 MP: 0/0
   115 | D:1      | Reached skill level 4 in Long Blades
   258 | D:1      | Reached XP level 2. HP: 25/25 MP: 1/1
   833 | D:2      | Noticed Robin
   836 | D:2      | Reached skill level 5 in Long Blades
   928 | D:2      | Killed Robin
   929 | D:2      | Reached XP level 3. HP: 23/30 MP: 2/2
  1323 | D:2      | Found a snail-covered altar of Cheibriados.
  1347 | D:2      | Found a faded altar of an unknown god.
  1482 | D:2      | Noticed Jessica
  1486 | D:2      | Killed Jessica
  1487 | D:2      | Reached XP level 4. HP: 29/37 MP: 3/3
  2240 | D:3      | Reached skill level 6 in Long Blades
  2468 | D:3      | Found a shimmering blue altar of Sif Muna.
  2869 | D:4      | Noticed a steam dragon
  2869 | D:4      | Found Besihiz's Jewellery Shop.
  3006 | D:4      | Found Wusaq's Distillery.
  3013 | D:4      | Bought a potion of heal wounds for 70 gold pieces
  3141 | D:4      | Reached XP level 5. HP: 37/45 MP: 4/4
  3688 | D:5      | Entered Level 5 of the Dungeon
  3688 | D:5      | Found Voerilo's Weapon Shoppe.
  3712 | D:5      | Noticed a phantom
  3713 | D:5      | Noticed a centaur
  3732 | D:5      | Shot with an arrow by a centaur

Illustrated notes

Levels and vault maps discovered:
D:1:      matt_arrival_los_fun, layout_loops_ring
D:2:      layout_basic, shapermc_ecumenical_altar_totnotflames, basic_altar,
          uniq_robin, uniq_jessica
D:3:      minmay_bubble_buster, layout_basic, lemuel_tele_altar
D:4:      layout_loops_corners, tgw_trog, serial_shops, shop,
          nicolae_stop_n_shop_2
D:5:      layout_rooms, regret_index_temple_of_mockery,
          cheibrodos_sewer_entry_bend, serial_shops, nicolae_stop_n_shop_2,
          kennysheep_nondescript, minmay_misc_feat_tiny, minmay_misc_feat_x

Skill      XL: |  1  2  3  4 |
---------------+-------------+-----
Long Blades    | 4 5 6 |  6.5
Fighting       | 3 |  3.3
Throwing       | |  2.0
Armour         | |  0.9
Dodging        | |  3.4

Action                   |  1- 3 |  4- 6 || total
-------------------------+-------+-------++-------
Melee: Long sword        |    65 |    71 ||   136
       Headbutt          |    11 |     7 ||    18
  Use: Scroll            |       |     9 ||     9
       Potion            |       |     3 ||     3
Armor: Leather armour    |    12 |    31 ||    43
Dodge: Dodged            |    42 |    47 ||    89
       Rpst.: Long sword |    13 |    13 ||    26
